 Dungeon Crawl Stone Soup version 0.29.0-5-ge4962eb29e (webtiles) character file.

Game seed: 7138815344327090149

142 drpainis the Grave Robber (level 5, -3/28 HPs)
             Began as a Deep Elf Necromancer on Aug 28, 2022.
             Slain by an orc wizard
             ... wielding a +0 dagger
              (4 damage)
             ... on level 4 of the Dungeon.
             The game lasted 00:06:38 (4626 turns).

drpainis the Grave Robber (Deep Elf Necromancer)    Turns: 4626, Time: 00:06:39

Health: -3/28      AC:  3    Str:  5    XL:     5   Next: 3%
Magic:  12/14      EV: 12    Int: 22    God:
Gold:   119        SH:  0    Dex: 15    Spells: 5/13 levels left

rFire   + . .      SeeInvis .   o - +2 dagger "Dutwafod" {pain, rN+}
rCold   + . .      Faith    .   (no shield)
rNeg    + . .      Spirit   .   a - +0 robe
rPois   +          Reflect  .   (no helmet)
rElec   +          Harm     .   (no cloak)
rCorr   +          Rampage  .   c - +0 pair of gloves
Will    .....                   (no boots)
Stlth   ++........              j - amulet of magic regeneration
HPRegen 0.09/turn               (no ring)
MPRegen 0.54/turn               (no ring)

@: resistant
A: no striking features
a: no special abilities


You were on level 4 of the Dungeon.
You visited 1 branch of the dungeon, and saw 4 of its levels.

You collected 149 gold pieces.
You spent 30 gold pieces at shops.

Inventory:

Hand Weapons
 d - a +0 sling
 o - the +2 dagger "Dutwafod" (weapon) {pain, rN+}
   (You found it on level 2 of the Dungeon)

   In the hands of one skilled in necromantic magic, it inflicts extra damage on
   living creatures.
   rN:        It protects you from negative energy.
Armour
 a - a +0 robe (worn)
 c - a +0 pair of gloves (worn)
Jewellery
 i - an amulet of faith
 j - an amulet of magic regeneration (around neck)
Scrolls
 e - 2 scrolls of teleportation
 g - 3 scrolls of blinking {unknown}
 k - 3 scrolls of fog {unknown}
 l - a scroll of immolation {unknown}
 m - a scroll of identify {unknown}
 n - a scroll of enchant weapon {unknown}
 s - a scroll of acquirement {unknown}
 u - a scroll of enchant armour {unknown}
Potions
 f - 5 potions of heal wounds {unknown}
 p - a potion of attraction {unknown}
 q - a potion of might {unknown}
 r - a potion of berserk rage {unknown}
 t - a potion of brilliance {unknown}
 v - a potion of lignification {unknown}
 w - a potion of degeneration {unknown}


   Skills:
 + Level 0.1 Fighting
 + Level 2.6 Dodging
 + Level 3.0 Stealth
 + Level 4.8 Spellcasting
 + Level 6.4 Necromancy


You had 5 spell levels left.
You knew the following spells:

 Your Spells              Type           Power      Damage    Failure   Level
a - Necrotise             Necr           100%       1d9       1%          1
b - Vampiric Draining     Necr           33%        2d8       2%          3
c - Animate Dead          Necr           33%        N/A       8%          4

Your spell library contained the following spells:

 Spells                   Type           Power      Damage    Failure   Level
 Sublimation of Blood     Necr           33%        N/A       1%          2
 Wereblood                Tmut           5%         N/A       16%         2
 Agony                    Necr           33%        N/A       21%         5
 Gell's Gravitas          Tloc           5%         N/A       30%         3
 Lesser Beckoning         Tloc           5%         N/A       30%         3
 Teleport Other           Tloc           5%         N/A       30%         3
 Summon Hydra             Summ           2%         N/A       100%        7


Dungeon Overview and Level Annotations

Branches:
Dungeon (4/15)
 Temple: D:4-7

Altars:
Okawaru
Uskayaw
Vehumet
Zin

Shops:
D:1 *


Message History

Something barely misses you.
Unknown command.
Sorry, you're not good enough to have a special ability.
Casting: Necrotise (safe; 1% risk of failure)
Confirm with . or Enter, or press ? or * to list all spells.
Aiming: Vampiric Draining (dangerous; 2% risk of failure)
Press: ? - help, Shift-Dir - straight line, f - orc
Aim: an orc, wielding a +0 whip (heavily wounded)
You draw life force from the orc!
You kill the orc!
You feel life coursing into your body. Something hits you.
* * * LOW HITPOINT WARNING * * *
Casting: Vampiric Draining (dangerous; 2% risk of failure)
Confirm with . or Enter, or press ? or * to list all spells.
You can't see any susceptible monsters within range! (Use Z to cast anyway.) Unknown command.
Casting: Vampiric Draining (dangerous; 2% risk of failure)
Confirm with . or Enter, or press ? or * to list all spells.
You can't see any susceptible monsters within range! (Use Z to cast anyway.)
Casting: Vampiric Draining (dangerous; 2% risk of failure)
Confirm with . or Enter, or press ? or * to list all spells.
Aiming: Necrotise (safe; 1% risk of failure)
Press: ? - help, Shift-Dir - straight line, f - orc wizard
Aim: an orc wizard, wielding a +0 dagger and wearing a +0 robe (ally target, chance to affect: 83%)
The orc wizard writhes in agony.
Something hits you but does no damage.
The orc wizard points at you and mumbles some strange words.
The magic dart hits your orc priest skeleton!
An orc comes into view. It is wielding a +0 short sword.
Something hits you.
* * * LOW HITPOINT WARNING * * *
Your orc priest skeleton hits something but does no damage.
Something hits your orc priest skeleton.
Casting: Necrotise (safe; 1% risk of failure)
Confirm with . or Enter, or press ? or * to list all spells.
You can't see any susceptible monsters within range! (Use Z to cast anyway.) Unknown command.
It was a potion of resistance.
You feel protected. Something hits you.
You die...

#.# .# ##.#
o######..######
.#...........#
h......####.# .
#..###.### .(.
#.o# #...#
.....#.Z##....##.
#....{@._.....
###)##....##.. #.
#...## ... #.
###.# .. #. ...
.. .... .# .### .
..


You could see a friendly orc priest skeleton.

Vanquished Creatures
  An orc priest (D:4)
  4 adders
  3 dart slugs (D:1)
  2 orcs
  3 ball pythons
  6 bats
  2 endoplasms (D:1)
  5 giant cockroaches
  A goblin (D:3)
  7 hobgoblins
  6 quokkas
  6 frilled lizards
  10 kobolds
  10 rats
66 creatures vanquished.

Vanquished Creatures (collateral kills)
  A dart slug (D:1)
1 creature vanquished.

Vanquished Creatures (others)
  4 plants (D:1)
4 creatures vanquished.

Grand Total: 71 creatures vanquished

Notes
Turn   | Place    | Note
-------+----------+-------------------------------------------
     0 | D:1      | drpainis the Deep Elf Necromancer began the quest for the
                  | Orb.
     0 | D:1      | Reached XP level 1. HP: 10/10 MP: 6/6
    41 | D:1      | Reached skill level 5 in Necromancy
   405 | D:1      | Reached XP level 2. HP: 15/15 MP: 5/8
   529 | D:1      | Found a faded altar of an unknown god.
  1310 | D:1      | Reached XP level 3. HP: 18/19 MP: 7/9
  1539 | D:1      | Found Acweo's General Store.
  1747 | D:1      | Bought a scroll of teleportation for 30 gold pieces
  2261 | D:2      | Learned a level 3 spell: Vampiric Draining
  2572 | D:2      | Reached skill level 6 in Necromancy
  2791 | D:2      | Identified the +2 dagger "Dutwafod" {pain, rN+}
  3286 | D:2      | Reached XP level 4. HP: 21/24 MP: 11/11
  3292 | D:2      | Learned a level 4 spell: Animate Dead
  3489 | D:2      | You fall into a shaft and drop 1 floor!
  3544 | D:3      | Found a hide-covered altar of Uskayaw.
  3544 | D:3      | Noticed a +0 falchion
  3544 | D:3      | Noticed a +0 short sword
  3545 | D:3      | Noticed a +0 dagger
  3551 | D:3      | Noticed a +0 spear
  3561 | D:3      | Noticed a +0 falchion
  3562 | D:3      | Noticed a +0 dagger
  3563 | D:3      | Noticed a +0 spear
  3564 | D:3      | Noticed a +0 short sword
  3724 | D:3      | Found a glowing silver altar of Zin.
  3734 | D:3      | Found an iron altar of Okawaru.
  4597 | D:4      | Found a radiant altar of Vehumet.
  4621 | D:4      | Reached XP level 5. HP: 10/28 MP: 7/14
  4621 | D:4      | Noticed a black bear
  4625 | D:4      | HP: 1/28 [something (3)]
  4626 | D:4      | Slain by an orc wizard

Illustrated notes

Levels and vault maps discovered:
D:1:      tarquinn_simple_flora_water_f, layout_basic, serial_shops,
          nicolae_lakefront_shop, ebering_ecumenical_altar_rust,
          chequers_serial_rivers_small_b, lexackson_kobold_supper
D:2:      layout_loops_cross, nrook_mini_vaults
D:3:      layout_rooms, nicolae_uskayaw_en_pointe,
          amethyst_overflow_temple_binary
D:4:      layout_loops_corners, trog_book, nicolae_overflow_crystal_walls,
          nemelex_xobeh_ov_fountains_minmay, minmay_temple_entry_crystal_x,
          nicolae_shop_fire_sale [nicolae_sub_dead_trees], minmay_circle_x,
          uniq_blork_the_orc, uniq_duvessa

Skill      XL: |  1  2  3  4 |
---------------+-------------+-----
Necromancy     | 5 6 |  6.4
Stealth        | 3 |  3.0
Spellcasting   | 4 |  4.8
Fighting       | |  0.1
Dodging        | |  2.6

Action                   |  1- 3 |  4- 6 || total
-------------------------+-------+-------++-------
Melee: Unarmed           |     9 |       ||     9
       Sling             |     7 |       ||     7
       Dagger            |    10 |     4 ||    14
 Fire: Sling             |     1 |       ||     1
 Cast: Necrotise         |    76 |    39 ||   115
       Animate Dead      |       |     2 ||     2
       Vampiric Draining |       |     1 ||     1
  Use: Potion            |       |     2 ||     2
 Stab: Distracted        |     1 |       ||     1
Armor: Robe              |    14 |     9 ||    23
Dodge: Dodged            |    34 |    10 ||    44
